 Dungeon Crawl Stone Soup version 0.24.0-37-gcf1ca852f1 (webtiles) character file.

Game seed: 5766460353977161000, levelgen mode: deterministic

172 Belius the Skirmisher (level 5, -2/42 HPs)
             Began as a Formicid Abyssal Knight on Dec 5, 2019.
             Was a Believer of Lugonu.
             Slain by a river rat (7 damage)
             ... on level 3 of the Dungeon.
             The game lasted 00:07:06 (2968 turns).

Belius the Skirmisher (Formicid Abyssal Knight)     Turns: 2968, Time: 00:07:07

Health: -2/42      AC:  6    Str: 18    XL:     5   Next: 83%
Magic:  7/7        EV: 10    Int: 11    God:    Lugonu [**....]
Gold:   111        SH:  0    Dex: 10    Spells: 4/4 levels left

rFire    . . .     SeeInvis +   a - +1 falchion
rCold    . . .     Gourm    .   (no shield)
rNeg     . . .     Faith    .   f - +0 ring mail
rPois    .         Spirit   .   (helmet unavailable)
rElec    .         Reflect  .   k - +0 cloak
rCorr    .         Harm     .   (no gloves)
MR       .....                  (no boots)
Stlth    +.........             (no amulet)
HPRegen  0.14/turn              (no ring)
MPRegen  0.10/turn              (no ring)

@: very slow
A: permanent stasis, dig shafts and tunnels, four strong arms, antennae 3
a: Dig, Shaft Self, Depart the Abyss, Bend Space, Renounce Religion


You were on level 3 of the Dungeon.
You worshipped Lugonu.
Lugonu was pleased with you.
You were very hungry.

You visited 1 branch of the dungeon, and saw 3 of its levels.
You visited the Abyss 1 time.

You collected 111 gold pieces.

Inventory:

Hand Weapons
 a - a +1 falchion (weapon)
Armour
 b - a +0 leather armour
 f - a +0 ring mail (worn)
 k - a +0 cloak (worn)
Jewellery
 e - an uncursed ring of magical power {unknown}
Scrolls
 d - 2 scrolls of magic mapping {unknown}
 g - a scroll of amnesia {unknown}
 j - a scroll of enchant weapon {unknown}
 m - 2 scrolls of immolation {unknown}
 n - 2 scrolls of identify {unknown}
 p - a scroll of remove curse {unknown}
Potions
 h - a potion of agility {unknown}
 i - a potion of heal wounds {unknown}
 l - a potion of invisibility {unknown}
 o - 2 potions of curing {unknown}
 q - a potion of might {unknown}
Comestibles
 c - 6 rations


   Skills:
 + Level 4.2 Fighting
 + Level 3.8 Long Blades
 + Level 3.3 Armour
 - Level 1.0 Dodging
 + Level 0.7 Stealth
 + Level 3.0 Invocations


You had 4 spell levels left.
You didn't know any spells.
Your spell library was empty.

Dungeon Overview and Level Annotations

Branches:
Dungeon (3/15)

Altars:
Dithmenos
Nemelex Xobeh
Uskayaw

Annotations:
D:3 Grinder


Innate Abilities, Weirdness & Mutations

You cannot be hasted, slowed, berserked, paralysed or teleported.
You can dig through walls and to a lower floor.
Your four strong arms can wield two-handed weapons with a shield.
You have a pair of large antennae on your head. (SInv)


Message History

Your unstable footing causes you to fumble your attack.
You hit the worm.
You kill the worm!
Lugonu accepts your kill.
Your unstable footing causes you to fumble your attack.
The river rat bites you but does no damage.
Your unstable footing causes you to fumble your attack.
The river rat closely misses you. x2
You hit the river rat.
The river rat is moderately wounded.
The river rat bites you.
* * * LOW HITPOINT WARNING * * *
You barely miss the river rat.
The river rat is moderately wounded.
The river rat bites you!
* * * LOW HITPOINT WARNING * * *
You hit the river rat.
The river rat is severely wounded.
The river rat bites you!
You die...

.# ##≈## .#
#≈≈≈# { .#
#≈≈≈# { .#
##≈## { ##
#≈# #≈#
##≈## #
#≈≈≈####≈≈≈#
#≈≈≈@r≈≈≈≈≈#
##≈######≈##
###


You could see a river rat.

Vanquished Creatures
  4 adders
  2 oozes (D:3)
  3 worms (D:3)
  2 dart slugs
  5 leopard geckos
  7 orcs (D:3)
  7 bats
  7 giant cockroaches
  7 goblins
  11 hobgoblins
  16 jackals
  7 kobolds
  A quokka (D:2)
  A ball python (D:2)
  5 frilled lizards
  6 rats
91 creatures vanquished.

Vanquished Creatures (others)
  8 starspawn tentacles (Abyss:1)
8 creatures vanquished.

Grand Total: 99 creatures vanquished

Notes
Turn   | Place    | Note
-------+----------+-------------------------------------------
     0 | Abyss:1  | Belius the Formicid Abyssal Knight began the quest for the
                  | Orb.
     0 | Abyss:1  | Reached XP level 1. HP: 18/18 MP: 2/2
    63 | Abyss:1  | Noticed a tentacled starspawn
    71 | Abyss:1  | Noticed a tentacled starspawn
   112 | Abyss:1  | Noticed a large abomination
   114 | Abyss:1  | Noticed a small abomination
   118 | Abyss:1  | Noticed a sun demon
   119 | Abyss:1  | Noticed a quasit
   120 | D:1      | Escaped the Abyss
   276 | D:1      | Reached XP level 2. HP: 22/24 MP: 3/3
   290 | D:1      | Reached * piety under Lugonu
   472 | D:1      | Reached XP level 3. HP: 30/30 MP: 5/5
   690 | D:1      | Reached skill level 1 in Dodging
  1449 | D:2      | Reached skill level 4 in Fighting
  1451 | D:2      | Reached XP level 4. HP: 25/37 MP: 6/6
  1716 | D:2      | Reached ** piety under Lugonu
  1740 | D:2      | Found a sparkling altar of Nemelex Xobeh.
  2151 | D:3      | Reached XP level 5. HP: 42/42 MP: 7/7
  2366 | D:3      | Found a shadowy altar of Dithmenos.
  2642 | D:3      | Noticed a -3 hand axe
  2642 | D:3      | Noticed a +0 hand axe
  2645 | D:3      | Found a hide-covered altar of Uskayaw.
  2647 | D:3      | Noticed an ogre
  2649 | D:3      | Noticed Grinder
  2968 | D:3      | Slain by a river rat

Levels and vault maps discovered:
D:1:      erik_arrival_cave_to_civilisation [erik_arrival_cave_to_hall],
          layout_basic
D:2:      layout_rooms, first_ration, nemelex_diamond_rough_becter
D:3:      layout_rooms, nicolae_dithmenos_through_a_glass_darkly,
          dancing_weapons_uskayaw, gup_sewer_entry_bubbles, uniq_grinder

Skill      XL: |  1  2  3  4  5 |
---------------+----------------+-----
Dodging        | 1 |  1.0
Invocations    | 3 |  3.0
Fighting       | 4 |  4.2
Long Blades    | 3 |  3.8
Armour         | 3 |  3.3
Stealth        | |  0.7

Action                   |  1- 3 |  4- 6 || total
-------------------------+-------+-------++-------
Melee: Falchion          |    83 |   201 ||   284
Invok: Depart the Abyss  |     1 |       ||     1
 Abil: Dig               |       |     1 ||     1
  Eat: Chunk             |     2 |     4 ||     6
Armor: Leather armour    |    14 |       ||    14
       Ring mail         |    25 |    77 ||   102
Dodge: Dodged            |    66 |   116 ||   182
       Rpst.: Falchion   |    19 |    37 ||    56
